 Dungeon Crawl Stone Soup version 0.21.0-24-g2553a33 (webtiles) character file.

8 tidbits the Martial Artist (level 2, -2/19 HPs)
             Began as a Gnoll Wanderer on Jan 19, 2018.
             Killed from afar by a dart slug (4 damage)
             ... with a slug dart
             ... on level 1 of the Dungeon.
             The game lasted 00:01:17 (100 turns).

tidbits the Martial Artist (Gnoll Wanderer)          Turns: 100, Time: 00:01:18

Health: -2/19      AC:  2    Str: 14    XL:     2   Next: 8%
Magic:  3/3        EV: 11    Int: 13    God:
Gold:   10         SH:  0    Dex: 15    Spells: 1/1 levels left

rFire    . . .     SeeInvis .     - Unarmed
rCold    . . .     Gourm    .   (no shield)
rNeg     . . .     Faith    .   e - +0 robe
rPois    .         Spirit   .   (no helmet)
rElec    .         Reflect  .   (no cloak)
rCorr    .         Harm     .   (no gloves)
MR       .....                  (no boots)
Stlth    ++........             (no amulet)
HPRegen  0.06/turn              (no ring)
MPRegen  0.08/turn              (no ring)

@: no status effects
A: distributed training, fangs 1, strong nose
a: no special abilities


You were on level 1 of the Dungeon.
You were not hungry.

You visited 1 branch of the dungeon, and saw 3 of its levels.

You collected 10 gold pieces.

Inventory:

Hand Weapons
 b - a +0 dagger
Armour
 e - a +0 robe (worn)
Scrolls
 c - 2 scrolls of teleportation
 f - a scroll of blinking
Potions
 a - a potion of haste
Books
 d - Cerivet's Tome of Toxins

   Spells                             Type                      Level
   a - Sting                          Conjuration/Poison           1
   b - Mephitic Cloud                 Conjuration/Poison/Air       3
Comestibles
 g - a ration
 h - 2 chunks of flesh


   Skills:
 + Level 0.2 Fighting
 + Level 0.2 Short Blades
 + Level 0.2 Long Blades
 + Level 0.2 Axes
 + Level 0.2 Maces & Flails
 + Level 0.2 Polearms
 + Level 0.2 Staves
 + Level 0.2 Slings
 + Level 0.2 Bows
 + Level 0.2 Crossbows
 + Level 0.2 Throwing
 + Level 0.2 Armour
 + Level 0.2 Dodging
 + Level 2.2 Stealth
 + Level 2.4 Shields
 + Level 8.4 Unarmed Combat
 + Level 0.2 Spellcasting
 + Level 2.0 Conjurations
 + Level 0.1 Hexes
 + Level 0.1 Charms
 + Level 0.1 Summonings
 + Level 0.1 Necromancy
 + Level 0.1 Translocations
 + Level 0.1 Transmutations
 + Level 0.1 Fire Magic
 + Level 0.1 Ice Magic
 + Level 0.1 Air Magic
 + Level 0.1 Earth Magic
 + Level 3.6 Poison Magic
 + Level 0.3 Invocations
 + Level 2.4 Evocations


You had one spell level left.
You didn't know any spells.

Dungeon Overview and Level Annotations

Branches:
Dungeon (3/15)

Altars:


Innate Abilities, Weirdness & Mutations

Your experience applies equally to all skills.
You have very sharp teeth.
Your uncanny sense of smell can sniff out nearby items.


Message History

You kill the bat!
You see here a scroll of teleportation.
You punch the kobold!
You kill the kobold!
c - 2 scrolls of teleportation (gained 1)
Found 19 stones.
There is a stone staircase leading down here.
You climb downwards.
A hobgoblin comes into view. It is wielding a club.
There is a stone staircase leading up here.
The hobgoblin shouts!
The hobgoblin barely misses you.
You closely miss the hobgoblin. You closely miss the hobgoblin.
The hobgoblin hits you with a club.
You barely miss the hobgoblin. The hobgoblin hits you with a club.
* * * LOW HITPOINT WARNING * * *
You punch the hobgoblin!
You kill the hobgoblin!
There is a stone staircase leading up here.
You climb upwards.
There is a stone staircase leading down here.
Found a robe.
A bat comes into view. 2 kobolds come into view.
A kobold comes into view.
The kobold shouts!
The kobold throws a stone.
The stone barely misses you.
A hobgoblin comes into view.
The kobold throws a stone.
The stone hits you but does no damage.
Found 12 gold pieces.
Found a stone staircase leading down.
The kobold throws a stone.
The stone closely misses you.
Found a scroll labeled EMIATISOYXO.
You see here a stone.
Unknown command.
The kobold throws a stone.
The stone hits you but does no damage.
Unknown command.
Unknown command.
You closely miss the kobold.
The hobgoblin shouts!
The kobold hits you but does no damage.
A dart slug comes into view.
You closely miss the hobgoblin. You punch the hobgoblin.
You kill the hobgoblin!
Your Conjurations skill increases to level 2!
The kobold hits you.
* * * LOW HITPOINT WARNING * * *
You closely miss the kobold. The kobold hits you.
* * * LOW HITPOINT WARNING * * *
A dart slug comes into view.
You hit the kobold but do no damage. The kobold barely misses you.
You punch the kobold!
You kill the kobold!
Okay, then.
The dart slug launches a dart at you. The slug dart misses you.
There is a stone staircase leading down here.
The dart slug completely misses you.
You climb downwards.
Found a stone staircase leading down.
There is a stone staircase leading up here.
You hit the dart slug.
The dart slug is moderately wounded.
You hit the dart slug.
The dart slug is severely wounded.
The dart slug completely misses you.
You hit the dart slug.
The dart slug is almost dead.
The dart slug launches a dart at you. The slug dart hits you!
* * * LOW HITPOINT WARNING * * *
You hit the dart slug. You bite the dart slug.
You kill the dart slug!
You have reached level 2!
You see here a dart slug corpse.
You butcher the dart slug corpse.
h - 2 chunks of flesh Autopickup is now off.
There is a stone staircase leading up here.
There is a stone staircase leading down here.
You climb downwards.
A kobold comes into view. It is wielding a whip.
There is a stone staircase leading up here.
You climb upwards.
There is a stone staircase leading down here.
Unknown command.
There is a stone staircase leading up here.
Found a stone staircase leading up.
There is a stone staircase leading up here.
You climb upwards.
The gnoll shouts!
A goblin, a hobgoblin and a dart slug come into view.
The goblin shouts!
The goblin closely misses you. The goblin barely misses you.
The hobgoblin shouts!
You hear a shout!
A giant cockroach comes into view.
There is a stone staircase leading down here.
The goblin misses you. The dart slug launches a dart at you.
The slug dart hits you!
You die... ...w... ....... ....... .. ....... ... # ....... ....# ....... ....# .......#####g#.
Kb...

#..g..g@.g.....
......
###########s...
...... . .
...## ......
....#.# ....#..
#..... ####.$
#..


You could see a gnoll, a dart slug, a giant cockroach, 2 hobgoblins and a
goblin.

Vanquished Creatures
  A dart slug (D:2)
  2 hobgoblins
  2 kobolds (D:1)
  A bat (D:1)
6 creatures vanquished.

Notes
Turn   | Place    | Note
-------+----------+-------------------------------------------
     0 | D:1      | tidbits the Gnoll Wanderer began the quest for the Orb.
     0 | D:1      | tidbits set off with: a potion of haste, a scroll of blinking, a scroll of teleportation, Cerivet's Tome of Toxins, a +0 robe, a +0 dagger, a ration
     0 | D:1      | Reached XP level 1. HP: 13/13 MP: 2/2
     0 | D:1      | Identified Cerivet's Tome of Toxins
    65 | D:1      | Reached skill level 2 in Conjurations
    77 | D:2      | HP: 1/13 [dart slug/slug dart (2)]
    78 | D:2      | Reached XP level 2. HP: 1/19 MP: 3/3
   100 | D:1      | Killed from afar by a dart slug

Skill      XL: |  1 |
---------------+----+-----
Conjurations   | 2 |  2.0
Fighting       | |  0.2
Short Blades   | |  0.2
Long Blades    | |  0.2
Axes           | |  0.2
Maces & Flails | |  0.2
Polearms       | |  0.2
Staves         | |  0.2
Slings         | |  0.2
Bows           | |  0.2
Crossbows      | |  0.2
Throwing       | |  0.2
Armour         | |  0.2
Dodging        | |  0.2
Stealth        | |  2.2
Shields        | |  2.4
Unarmed Combat | |  8.4
Spellcasting   | |  0.2
Hexes          | |  0.1
Charms         | |  0.1
Summonings     | |  0.1
Necromancy     | |  0.1
Translocations | |  0.1
Transmutations | |  0.1
Fire Magic     | |  0.1
Ice Magic      | |  0.1
Air Magic      | |  0.1
Earth Magic    | |  0.1
Poison Magic   | |  3.6
Invocations    | |  0.3
Evocations     | |  2.4

Action                   || total
-------------------------++-------
Melee: Unarmed           ||    15
       Punch             ||     1
       Bite              ||     1
Armor: Robe              ||     2
Dodge: Dodged            ||    10

Table legend:
 A = Turns spent in this place as a percentage of turns spent in the entire game.
 B = Non-inter-level travel turns spent in this place as a percentage of non-inter-level travel turns spent in the entire game.
 C = Inter-level travel turns spent in this place as a percentage of turns spent in this place.
 D = Turns resting spent in this place as a percentage of non-inter-level travel turns spent in this place.
 E = Turns spent auto-exploring this place as a percentage of non-inter-level travel turns spent in this place.
 F = Non-inter-level travel turns spent in this place divided by the number of levels of this place that you've seen.
                   A       B       C       D       E      F
               +-------+-------+-------+-------+-------+----------------------
         Total | 100.0 | 100.0 |   0.0 |   0.0 |   0.0 |  33.3
       Dungeon | 100.0 | 100.0 |   0.0 |   0.0 |   0.0 |  33.3
               +-------+-------+-------+-------+-------+----------------------

Table legend:
 A = Kills in this place as a percentage of kills in entire the game.
 B = Kills by you in this place as a percentage of kills by you in the entire game.
 C = Kills by friends in this place as a percentage of kills by friends in the entire game.
 D = Other kills in this place as a percentage of other kills in the entire game.
 E = Experience gained in this place as a percentage of experience gained in the entire game.
 F = Experience gained in this place divided by the number of levels of this place that you have seen.
                   A       B       C       D       E      F
               +-------+-------+-------+-------+-------+----------------------
         Total | 100.0 | 100.0 |   N/A |   N/A | 100.0 |   4.0
       Dungeon | 100.0 | 100.0 |   N/A |   N/A | 100.0 |   4.0
               +-------+-------+-------+-------+-------+----------------------

Vault maps used:
D:1:      mainiacjoe_arrival_reflecting_pool
D:2:      kennysheep_minor_cross
D:3:      lemuel_crystal_altar, chequers_ecumenical_altar_simple
